 Dungeon Crawl Stone Soup version 0.24.0-125-gc4c63601f3 (webtiles) character file.

Game seed: 8635253949049055869, levelgen mode: deterministic

2754 mortelune the Arsonist (level 9, -4/48 HPs)
             Began as a Deep Elf Fire Elementalist on Feb 22, 2020.
             Was a Believer of Vehumet.
             Killed from afar by Harold (18 damage)
             ... with an iceblast
             ... on level 7 of the Dungeon.
             The game lasted 00:15:57 (10959 turns).

mortelune the Arsonist (DEFE)                      Turns: 10959, Time: 00:15:58

Health: -4/48      AC:  2    Str:  6    XL:     9   Next: 41%
Magic:  3/21       EV: 16    Int: 26    God:    Vehumet [**....]
Gold:   266        SH:  0    Dex: 15    Spells: 6/22 levels left

rFire    . . .     SeeInvis .   D - +2 spear "Yqoada" {pierce, Int+3} (curse)
rCold    . . .     Gourm    .   (no shield)
rNeg     . . .     Faith    .   a - +0 robe
rPois    .         Spirit   .   (no helmet)
rElec    .         Reflect  .   (no cloak)
rCorr    .         Harm     .   (no gloves)
MR       .....                  (no boots)
Stlth    ++........             (no amulet)
HPRegen  0.16/turn              (no ring)
MPRegen  0.17/turn              (no ring)

@: marked, very slightly contaminated, hasted, very quick
A: no striking features
a: Renounce Religion


You were on level 7 of the Dungeon.
You worshipped Vehumet.
Vehumet was pleased with you.
You were hungry.

You visited 2 branches of the dungeon, and saw 8 of its levels.

You collected 266 gold pieces.

Inventory:

Hand Weapons
 d - a +0 dagger
 p - a +2 flail of holy wrath
 D - the cursed +2 spear "Yqoada" (weapon) {pierce, Int+3}
   (You found it on level 6 of the Dungeon)

   It inflicts extra damage upon your enemies.
   It affects your intelligence (+3).
   It has a curse placed upon it.
Armour
 a - a +0 robe (worn)
 B - a cursed +0 leather armour
 C - a +0 buckler
Magical Staves
 q - an uncursed staff of poison
 A - an uncursed staff of wizardry {unknown}
Jewellery
 F - an uncursed amulet of guardian spirit
Wands
 w - a wand of flame (29)
Scrolls
 g - 6 scrolls of remove curse
 h - 3 scrolls of teleportation {unknown}
 i - 2 scrolls of immolation {unknown}
 k - 2 scrolls of fear {unknown}
 r - 4 scrolls of enchant weapon {unknown}
 s - a scroll of magic mapping {unknown}
 u - a scroll of amnesia {unknown}
 y - a scroll of vulnerability {unknown}
Potions
 b - a potion of haste
 e - 4 potions of lignification
 f - a potion of agility
 j - 5 potions of curing
 l - 2 potions of resistance {unknown}
 m - 3 potions of invisibility
 n - a potion of mutation
 o - a potion of flight {unknown}
 t - 3 potions of brilliance {unknown}
 v - 2 potions of heal wounds {unknown}
 x - a potion of magic {unknown}
 z - 2 potions of cancellation {unknown}
Comestibles
 c - 8 rations
 E - 4 chunks of flesh


   Skills:
 * Level 1.8 Fighting
 + Level 6.6 Dodging
 - Level 2.4 Stealth
 + Level 7.3 Spellcasting
 + Level 7.7 Conjurations
 * Level 8.6 Fire Magic
 * Level 2.3 Air Magic


You had 6 spell levels left.
You knew the following spells:

 Your Spells              Type           Power        Failure   Level  Hunger
a - Flame Tongue          Conj/Fire      #####        1%          1    None
b - Throw Flame           Conj/Fire      ######       1%          2    None
c - Conjure Flame         Conj/Fire      ######..     1%          3    None
d - Sticky Flame          Conj/Fire      ######..     1%          4    ##.....
e - Fireball              Conj/Fire      ######....   6%          5    #####..
f - Shock                 Conj/Air       ####         1%          1    None

Your spell library contained the following spells:

 Spells                   Type           Power        Failure   Level  Hunger
 Sandblast                Erth           #.....       6%          1    None
 Dazzling Spray           Conj/Hex       ####..       3%          3    None
 Inner Flame              Hex/Fire       ####....     3%          3    None
 Animate Skeleton         Necr           N/A          6%          1    None
 Apportation              Tloc           #.....       6%          1    None
 Confusing Touch          Hex            #.....       6%          1    None
 Corona                   Hex            #......      6%          1    None
 Summon Small Mammal      Summ           #...         6%          1    None
 Ensorcelled Hibernation  Hex/Ice        #.....       10%         2    None
 Confuse                  Hex            #.......     19%         3    None
 Tukima's Dance           Hex            #.......     19%         3    None


Dungeon Overview and Level Annotations

Branches:
Dungeon (7/15)             Temple (1/1) D:4

Altars:
Ashenzari
Cheibriados
Dithmenos
Elyvilon
Fedhas
Gozag
Hepliaklqana
Kikubaaqudgha
Makhleb
Nemelex Xobeh
Okawaru
Qazlal
Ru
Sif Muna
Trog
Uskayaw
Vehumet
Wu Jian
Xom
Yredelemnul
Zin
The Shining One

Annotations:
D:4 1 runed translucent door
D:7 Harold


Message History

You miscast Fireball.
You are very lightly contaminated with residual magic.
You have a brief vision of globes of primordial fire.
Casting: Fireball (safe; 6% risk of failure)
Confirm with . or Enter, or press ? or * to list all spells.
Aiming: Conjure Flame (safe; 1% risk of failure)
Press: ? - help, Dir - move target cursor, p - Harold The fire ignites!
Harold zaps a wand.
The mass of ice explodes!
The iceblast engulfs you!!
You struggle against the net.
You rip the net and break free!
Harold throws a throwing net.
The throwing net barely misses you.
You see here 15 poisoned darts.
There is an open door here.
Harold zaps a wand.
The mass of ice explodes!
The iceblast engulfs you!
* * * LOW HITPOINT WARNING * * *
Okay, then.
You feel yourself speed up.
Harold zaps a wand.
The mass of ice explodes!
The iceblast engulfs you!!
You die...

...#####. #...@.... #@#
.. #(# .# ##'## #.#
##...## ##.# ##.....##
##..# ##.......##
#####...####....@....####
...........+.........'...
#####...####.........####
##..#####.......##
#.....# ##.....###
#.....# #........#
#.....# #.##'###.#
#.....# #........#
#.....# #.##.###.#


You could see Harold.

Vanquished Creatures
  A hungry ghost (D:7)
  A water moccasin (D:6)
  A black bear (D:6)
  Purgy (D:3)
  An orc warrior (D:6)
  6 centaurs
  A necrophage (D:6)
  An ogre (D:7)
  A big kobold (D:7)
  4 bullfrogs
  2 scorpions
  A howler monkey (D:6)
  3 crimson imps
  A jelly (D:6)
  4 hounds
  7 orc priests
  An iguana (D:7)
  A gnoll shaman (D:5)
  7 orc wizards
  2 worker ants (D:6)
  2 hound skeletons (D:5)
  7 gnolls
  13 adders
  2 shadow imps
  2 oozes (D:1)
  3 adder skeletons (D:4)
  A worm (D:2)
  A dart slug (D:1)
  8 leopard geckos
  34 orcs
  2 ball pythons
  5 bats
  3 giant cockroaches
  5 goblins
  3 hobgoblins
  9 jackals
  4 quokkas
  3 frilled lizards
  5 kobolds
  A leopard gecko zombie (D:5)
  2 quokka skeletons
  7 rats
169 creatures vanquished.

Notes
Turn   | Place    | Note
-------+----------+-------------------------------------------
     0 | D:1      | mortelune the Deep Elf Fire Elementalist began the quest
                  | for the Orb.
     0 | D:1      | Reached XP level 1. HP: 10/10 MP: 6/6
   297 | D:1      | Reached XP level 2. HP: 15/15 MP: 1/8
   376 | D:1      | Learned a level 2 spell: Throw Flame
   840 | D:1      | Reached XP level 3. HP: 19/19 MP: 1/9
  1428 | D:1      | Learned a level 3 spell: Conjure Flame
  1691 | D:2      | Reached skill level 4 in Fire Magic
  1966 | D:2      | Reached XP level 4. HP: 24/24 MP: 3/11
  2035 | D:2      | Learned a level 4 spell: Sticky Flame
  2678 | D:2      | Found a faded altar of an unknown god.
  2952 | D:3      | Reached XP level 5. HP: 28/28 MP: 5/12
  3923 | D:3      | Noticed Purgy
  3940 | D:3      | Killed Purgy
  3940 | D:3      | Reached skill level 5 in Fire Magic
  3940 | D:3      | Reached XP level 6. HP: 32/32 MP: 2/14
  4739 | D:4      | Found a staircase to the Ecumenical Temple.
  4746 | Temple   | Entered the Ecumenical Temple
  4854 | Temple   | Became a worshipper of Vehumet
  4980 | D:4      | Found a white marble altar of Elyvilon.
  4980 | D:4      | Found a runed translucent door.
  4980 | D:4      | Noticed an angel
  5654 | D:4      | Found a basalt altar of Yredelemnul.
  5660 | D:4      | Reached XP level 7. HP: 36/36 MP: 9/16
  5724 | D:4      | Learned a level 5 spell: Fireball
  5908 | D:4      | Reached skill level 5 in Spellcasting
  6359 | D:5      | Entered Level 5 of the Dungeon
  6438 | D:5      | Reached skill level 5 in Conjurations
  6547 | D:5      | Reached skill level 6 in Fire Magic
  7150 | D:5      | Identified the +4 ring mail of Qounesh {Dex+4}
  7464 | D:5      | Reached * piety under Vehumet
  7464 | D:5      | Offered knowledge of Shock by Vehumet.
  7941 | D:5      | Learned a level 1 spell: Shock
  8117 | D:6      | Reached skill level 5 in Dodging
  8181 | D:6      | Reached XP level 8. HP: 41/41 MP: 4/18
  8317 | D:6      | Found an opulent altar of Gozag.
  8317 | D:6      | Found a hazy altar of Hepliaklqana.
  8317 | D:6      | Found a shimmering altar of Xom.
  8463 | D:6      | Reached skill level 7 in Fire Magic
  9547 | D:6      | Reached skill level 8 in Fire Magic
  9734 | D:6      | Got a bone spear
  9735 | D:6      | Identified the cursed +2 spear "Yqoada" {pierce, Int+3}
                  | (You found it on level 6 of the Dungeon)
 10098 | D:7      | Reached XP level 9. HP: 45/45 MP: 14/21
 10314 | D:7      | Reached skill level 1 in Air Magic
 10321 | D:7      | Reached skill level 1 in Fighting
 10706 | D:7      | Found an iron altar of Okawaru.
 10706 | D:7      | Found a glowing silver altar of Zin.
 10866 | D:7      | Reached ** piety under Vehumet
 10866 | D:7      | Offered knowledge of Sandblast by Vehumet.
 10944 | D:7      | Noticed Harold
 10959 | D:7      | Killed from afar by Harold

Levels and vault maps discovered:
D:1:      kilobyte_arrival_exit_the_forest, layout_loops_cross, minivault_23,
          minmay_misc_feat_hallway, minmay_split_cup_large
D:2:      layout_rooms, chequers_ecumenical_altar_simple
D:3:      minmay_door_path, layout_basic, first_ration,
          chequers_serial_rivers_large_a, uniq_purgy
D:4:      kb_forest_paths, layout_basic, lemuel_crystal_altar,
          minmay_temple_entry_enclosed_plants, lemuel_angel_altar
D:5:      minmay_recursive_quarters, layout_basic, minivault_19
D:6:      layout_basic, gammafunk_temple_overflow_forgotten
D:7:      layout_loops_corners, gammafunk_temple_overflow_elements,
          grunt_livestock, centaur_isle, uniq_harold
Temple:   regret_index_temple_sphere_string

Skill      XL: |  1  2  3  4  5  6  7  8  9 |
---------------+----------------------------+-----
Conjurations   | 2 3 4 5 7 |  7.7
Dodging        | 3 4 5 6 |  6.6
Fire Magic     | 4 5 6 8 |  8.6
Spellcasting   | 4 5 6 7 |  7.3
Air Magic      | 2 |  2.3
Fighting       | 1 |  1.8
Stealth        | |  2.4

Action                   |  1- 3 |  4- 6 |  7- 9 || total
-------------------------+-------+-------+-------++-------
Melee: Dagger            |     4 |       |       ||     4
       Flail             |       |       |     2 ||     2
       Spear             |       |       |     2 ||     2
 Cast: Flame Tongue      |    23 |    62 |    76 ||   161
       Throw Flame       |    33 |    70 |   110 ||   213
       Conjure Flame     |     1 |     1 |     4 ||     6
       Shock             |       |       |    15 ||    15
       Fireball          |       |       |    14 ||    14
       Sticky Flame      |       |       |     7 ||     7
  Use: Scroll            |       |     8 |     1 ||     9
       Potion            |       |       |     1 ||     1
  Eat: Chunk             |     4 |    11 |    17 ||    32
       Ration            |       |       |     1 ||     1
Armor: Robe              |     3 |     1 |     2 ||     6
Dodge: Dodged            |    10 |    11 |    27 ||    48
